MAA
ST. ALBERT PRODIGY @ GLENBURN BABOONS
08/14/2018
 
TOP OF THE 1ST
St. Albert Prodigy batting - Pitching for Glenburn Baboons : RHP José Rodríguez
Pitching: RHP José Rodríguez
Batting: RHB Anthony Trujillo 0-0: Called Strike
0-1: Ball
1-1: Ball
2-1: Ball
3-1: Base on Balls
Batting: LHB Wallace James 0-0: Ball
1-0: Called Strike
1-1: SINGLE (Line Drive, 8RS)
Anthony Trujillo to second
Batting: RHB Carlos Mercado 0-0: Grounds into double play, U6-3 (Groundball, 6M)
Anthony Trujillo to third
Batting: RHB Bernardo Burgos 0-0: Ball
1-0: Ball
2-0: Swinging Strike
2-1: Ball
3-1: Foul Ball, location: 2F
3-2: Strikes out swinging
Top of the 1st over - 0 run(s), 1 hit(s), 0 error(s), 1 left on base; St. Albert 0 - Glenburn 0
BOTTOM OF THE 1ST
Glenburn Baboons batting - Pitching for St. Albert Prodigy : RHP Emory Bryant
Pitching: RHP Emory Bryant
Batting: RHB Dustin Walker 0-0: Bunted foul
0-1: Ball
1-1: Ball
2-1: Ball
3-1: DOUBLE (Line Drive, 8RM)
Batting: RHB Isaac Downey 0-0: Ground out 4-3 (Groundball, 4)
Dustin Walker to third
Batting: LHB Jim Vaughan 0-0: Swinging Strike
0-1: SINGLE (Groundball, 4MD)
Dustin Walker scores
Batting: LHB Joe McElroy 0-0: Ball
1-0: Swinging Strike
1-1: Called Strike
1-2: Foul Ball, location: 2F
1-2: 2-RUN HOME RUN (Flyball, 9LD), Distance : 355 ft
Batting: RHB Abdurahman Paloka 0-0: Ball
1-0: Called Strike
1-1: SOLO HOME RUN (Flyball, 8LXD), Distance : 445 ft
Batting: LHB José Hernández 0-0: Foul Ball, location: 2F
0-1: Called Strike
0-2: SINGLE (Line Drive, 7S)
Batting: RHB Edgar García 0-0: Ball
1-0: SINGLE (Groundball, 56D)
José Hernández to second
Batting: RHB Eddie Davis 0-0: Ball
1-0: Grounds into double play, 4-6-3 (Groundball, 4)
Bottom of the 1st over - 4 run(s), 6 hit(s), 0 error(s), 1 left on base; St. Albert 0 - Glenburn 4
TOP OF THE 2ND
St. Albert Prodigy batting - Pitching for Glenburn Baboons : RHP José Rodríguez
Batting: SHB Monte Adams 0-0: Fly out, F7 (Popup, 7LS)
Batting: RHB Larry Mason 0-0: Ball
1-0: Ball
2-0: Called Strike
2-1: Ball
3-1: Swinging Strike
3-2: Ground out 5-3 (Groundball, 5)
Batting: RHB Dirk Davis 0-0: Foul Ball, location: 2F
0-1: Ball
1-1: Called Strike
1-2: Ball
2-2: Strikes out looking
Top of the 2nd over - 0 run(s), 0 hit(s), 0 error(s), 0 left on base; St. Albert 0 - Glenburn 4
BOTTOM OF THE 2ND
Glenburn Baboons batting - Pitching for St. Albert Prodigy : RHP Emory Bryant
Batting: LHB Manny Guzmán 0-0: Ball
1-0: Called Strike
1-1: Ball
2-1: Swinging Strike
2-2: Foul Ball, location: 2F
2-2: Foul Ball, location: 2F
2-2: Ball
3-2: Foul Ball, location: 2F
3-2: Foul Ball, location: 2F
3-2: Base on Balls
Batting: RHB Dustin Walker 0-0: Ball
1-0: Ball
2-0: Called Strike
2-1: Fly out, F3 (Popup, 3F)
Batting: RHB Isaac Downey 0-0: SINGLE (Line Drive, 7S)
Manny Guzmán to second
Batting: LHB Jim Vaughan 0-0: Called Strike
0-1: SINGLE (Groundball, 34D)
Manny Guzmán to third
Isaac Downey to second
Runner from 3rd tries for Home, SAFE, throw made home
Batting: LHB Joe McElroy 0-0: Called Strike
0-1: Ball
1-1: Ball
Isaac Downey steals 3rd base
2-1: Fly out, F5 (Popup, 15)
Batting: RHB Abdurahman Paloka 0-0: Called Strike
0-1: Foul Ball, location: 2F
0-2: Strikes out looking
Bottom of the 2nd over - 1 run(s), 2 hit(s), 0 error(s), 2 left on base; St. Albert 0 - Glenburn 5
TOP OF THE 3RD
St. Albert Prodigy batting - Pitching for Glenburn Baboons : RHP José Rodríguez
Batting: LHB Abel Kelly 0-0: Ball
1-0: Ball
2-0: DOUBLE (Flyball, 78D)
Batting: RHB Harrison Blackford 0-0: Swinging Strike
0-1: Fly out, F6 (Line Drive, 56)
Batting: RHB Anthony Trujillo 0-0: Foul Ball, location: 2F
0-1: Hit by Pitch
Batting: LHB Wallace James 0-0: Foul Ball, location: 2F
0-1: Grounds into double play, 4-6-3 (Groundball, 4)
Top of the 3rd over - 0 run(s), 1 hit(s), 0 error(s), 1 left on base; St. Albert 0 - Glenburn 5
BOTTOM OF THE 3RD
Glenburn Baboons batting - Pitching for St. Albert Prodigy : RHP Emory Bryant
Batting: LHB José Hernández 0-0: Foul Ball, location: 2F
0-1: SINGLE (Flyball, 8RS)
Batting: RHB Edgar García 0-0: Foul Ball, location: 2F
0-1: Fielders Choice at 2nd, 1-4 (Groundball, 15S)
Batting: RHB Eddie Davis Pickoff Throw to First - Out!
0-0: SINGLE (Flyball, 78S)
Batting: LHB Manny Guzmán 0-0: Called Strike
0-1: Ground out 4-3 (Groundball, 4)
Bottom of the 3rd over - 0 run(s), 2 hit(s), 0 error(s), 1 left on base; St. Albert 0 - Glenburn 5
TOP OF THE 4TH
St. Albert Prodigy batting - Pitching for Glenburn Baboons : RHP José Rodríguez
Batting: RHB Carlos Mercado 0-0: Called Strike
0-1: Ball
1-1: Ground out 2-3 (Groundball, 23)
Batting: RHB Bernardo Burgos 0-0: Foul Ball, location: 2F
0-1: Ball
1-1: Ball
2-1: Foul Ball, location: 2F
2-2: Strikes out swinging
Batting: SHB Monte Adams 0-0: Foul Ball, location: 2F
0-1: Ground out U3 (Groundball, 3)
Top of the 4th over - 0 run(s), 0 hit(s), 0 error(s), 0 left on base; St. Albert 0 - Glenburn 5
BOTTOM OF THE 4TH
Glenburn Baboons batting - Pitching for St. Albert Prodigy : RHP Emory Bryant
Batting: RHB Dustin Walker 0-0: Called Strike
0-1: Ball
1-1: Called Strike
1-2: Strikes out swinging
Batting: RHB Isaac Downey 0-0: Called Strike
0-1: Ball
1-1: Foul Ball, location: 2F
1-2: Strikes out swinging
Batting: LHB Jim Vaughan 0-0: Ball
1-0: Foul Ball, location: 2F
1-1: Ball
2-1: Ball
3-1: Base on Balls
Batting: LHB Joe McElroy 0-0: DOUBLE (Line Drive, 7LS)
Jim Vaughan to third
Runner from 3rd tries for Home, SAFE, throw made at trailing runner, SAFE at third!
Pitching: RHP Joaquín Costello
Batting: RHB Abdurahman Paloka 0-0: Swinging Strike
0-1: Foul Ball, location: 2F
0-2: Strikes out swinging
Bottom of the 4th over - 1 run(s), 1 hit(s), 0 error(s), 1 left on base; St. Albert 0 - Glenburn 6
TOP OF THE 5TH
St. Albert Prodigy batting - Pitching for Glenburn Baboons : RHP José Rodríguez
Batting: RHB Larry Mason 0-0: Ball
1-0: Swinging Strike
1-1: Ball
2-1: Foul Ball, location: 2F
2-2: Foul Ball, location: 2F
2-2: Fly out, F6 (Popup, 5D)
Batting: RHB Dirk Davis 0-0: Ball
1-0: Foul Ball, location: 2F
1-1: Called Strike
1-2: Foul Ball, location: 2F
1-2: Strikes out looking
Batting: LHB Abel Kelly 0-0: Ball
1-0: Called Strike
1-1: Called Strike
1-2: Foul Ball, location: 2F
1-2: Foul Ball, location: 2F
1-2: Strikes out swinging
Top of the 5th over - 0 run(s), 0 hit(s), 0 error(s), 0 left on base; St. Albert 0 - Glenburn 6
BOTTOM OF THE 5TH
Glenburn Baboons batting - Pitching for St. Albert Prodigy : RHP Joaquín Costello
Batting: LHB José Hernández 0-0: Called Strike
0-1: Ball
1-1: Swinging Strike
1-2: SINGLE (Line Drive, 89S)
Batting: RHB Edgar García 0-0: Ball
1-0: Fly out, F7 (Flyball, 7LMF)
Batting: RHB Eddie Davis 0-0: Ball
1-0: SINGLE (Flyball, 6MD)
José Hernández to second
Batting: LHB Manny Guzmán 0-0: Called Strike
0-1: Fly out, F7 (Popup, 7LS)
Batting: RHB Dustin Walker 0-0: Foul Ball, location: 2F
0-1: Called Strike
0-2: Hit by Pitch
José Hernández to third
Eddie Davis to second
Batting: RHB Isaac Downey 0-0: Swinging Strike
0-1: Called Strike
0-2: Strikes out swinging
Bottom of the 5th over - 0 run(s), 2 hit(s), 0 error(s), 3 left on base; St. Albert 0 - Glenburn 6
TOP OF THE 6TH
St. Albert Prodigy batting - Pitching for Glenburn Baboons : RHP José Rodríguez
Batting: RHB Harrison Blackford 0-0: Swinging Strike
0-1: Ball
1-1: Swinging Strike
1-2: Foul Ball, location: 2F
1-2: Strikes out swinging
Batting: RHB Anthony Trujillo 0-0: Called Strike
0-1: Ball
1-1: Ball
2-1: SINGLE (Groundball, 56S) (infield hit)
Batting: LHB Wallace James 0-0: Ball
1-0: SINGLE (Flyball, 8LS)
Anthony Trujillo to second
Batting: RHB Carlos Mercado 0-0: Swinging Strike
0-1: Called Strike
Anthony Trujillo steals 3rd base
Wallace James to second
0-2: Ball
1-2: Strikes out swinging
Batting: RHB Bernardo Burgos 0-0: Ball
1-0: SINGLE (Line Drive, 9S)
Anthony Trujillo scores
Wallace James to third
Runner from 3rd tries for Home, SAFE, no throw or cutoff
Batting: SHB Monte Adams 0-0: Ball
1-0: Ball
2-0: 2-RUN HOME RUN (Flyball, 8LXD), Distance : 448 ft
Batting: RHB Larry Mason 0-0: Ball
1-0: Foul Ball, location: 2F
1-1: Foul Ball, location: 2F
1-2: Strikes out swinging
Top of the 6th over - 4 run(s), 4 hit(s), 0 error(s), 0 left on base; St. Albert 4 - Glenburn 6
BOTTOM OF THE 6TH
Glenburn Baboons batting - Pitching for St. Albert Prodigy : RHP Joaquín Costello
Batting: LHB Jim Vaughan 0-0: Called Strike
0-1: Swinging Strike
0-2: Ball
1-2: Strikes out swinging
Batting: LHB Joe McElroy 0-0: Ball
1-0: Called Strike
1-1: Ball
2-1: Foul Ball, location: 2F
2-2: Foul Ball, location: 2F
2-2: Strikes out looking
Pitching: LHP Manuel Ortíz
Batting: RHB Abdurahman Paloka 0-0: Called Strike
0-1: SINGLE (Line Drive, 4MD)
Batting: LHB José Hernández 0-0: Called Strike
0-1: Foul Ball, location: 2F
0-2: Ball
1-2: Fly out, F5 (Line Drive, 5)
Bottom of the 6th over - 0 run(s), 1 hit(s), 0 error(s), 1 left on base; St. Albert 4 - Glenburn 6
TOP OF THE 7TH
St. Albert Prodigy batting - Pitching for Glenburn Baboons : RHP José Rodríguez
Batting: RHB Dirk Davis 0-0: Ground out 4-3 (Groundball, 4)
Batting: LHB Abel Kelly 0-0: Ball
1-0: Ball
2-0: Ball
3-0: Called Strike
3-1: Foul Ball, location: 2F
3-2: Strikes out looking
Batting: RHB Harrison Blackford 0-0: Swinging Strike
0-1: Ball
1-1: Ball
2-1: Ball
3-1: Foul Ball, location: 2F
3-2: Base on Balls
Batting: RHB Anthony Trujillo 0-0: Ground out 4-3 (Groundball, 34)
Top of the 7th over - 0 run(s), 0 hit(s), 0 error(s), 1 left on base; St. Albert 4 - Glenburn 6
BOTTOM OF THE 7TH
Glenburn Baboons batting - Pitching for St. Albert Prodigy : LHP Manuel Ortíz
Batting: RHB Edgar García 0-0: SINGLE (Groundball, 34)
Batting: RHB Eddie Davis 0-0: Ball
1-0: Foul Ball, location: 2F
1-1: Called Strike
1-2: Strikes out swinging
Batting: LHB Manny Guzmán 0-0: Called Strike
0-1: Ball
1-1: Fly out, F8 (Flyball, 8RM)
Batting: RHB Dustin Walker 0-0: Foul Ball, location: 2F
0-1: Swinging Strike
0-2: Foul Ball, location: 2F
0-2: Strikes out looking
Bottom of the 7th over - 0 run(s), 1 hit(s), 0 error(s), 1 left on base; St. Albert 4 - Glenburn 6
TOP OF THE 8TH
St. Albert Prodigy batting - Pitching for Glenburn Baboons : RHP José Rodríguez
Batting: LHB Wallace James 0-0: Called Strike
0-1: Ball
1-1: SINGLE (Line Drive, 8LS)
Batting: RHB Carlos Mercado 0-0: Foul Ball, location: 2F
0-1: Ball
1-1: Ball
2-1: Foul Ball, location: 2F
2-2: Grounds into double play, U6-3 (Groundball, 6M)
Batting: RHB Bernardo Burgos 0-0: Ball
1-0: Called Strike
1-1: Ball
2-1: Foul Ball, location: 2F
2-2: Strikes out swinging
Top of the 8th over - 0 run(s), 1 hit(s), 0 error(s), 0 left on base; St. Albert 4 - Glenburn 6
BOTTOM OF THE 8TH
Glenburn Baboons batting - Pitching for St. Albert Prodigy : LHP Manuel Ortíz
Batting: RHB Isaac Downey 0-0: Fly out, F9 (Flyball, 9LM)
Batting: LHB Jim Vaughan 0-0: Ball
1-0: Ball
2-0: Ball
3-0: Called Strike
3-1: Foul Ball, location: 2F
3-2: Foul Ball, location: 2F
3-2: Ground out 4-3 (Groundball, 34)
Batting: LHB Joe McElroy 0-0: Swinging Strike
0-1: Called Strike
0-2: Ball
1-2: Ball
2-2: Strikes out swinging
Bottom of the 8th over - 0 run(s), 0 hit(s), 0 error(s), 0 left on base; St. Albert 4 - Glenburn 6
TOP OF THE 9TH
St. Albert Prodigy batting - Pitching for Glenburn Baboons : RHP José Rodríguez
Pitching: RHP Andrew Hayes
Batting: SHB Monte Adams 0-0: Called Strike
0-1: Called Strike
0-2: Ball
1-2: Foul Ball, location: 2F
1-2: Strikes out swinging
Batting: RHB Larry Mason 0-0: Called Strike
0-1: Ground out 4-3 (Groundball, 4M)
Batting: RHB Dirk Davis 0-0: Swinging Strike
0-1: Called Strike
0-2: Ball
1-2: Foul Ball, location: 2F
1-2: Ball
2-2: Ground out 6-3 (Groundball, 6)
Top of the 9th over - 0 run(s), 0 hit(s), 0 error(s), 0 left on base; St. Albert 4 - Glenburn 6
This league is powered by Out of the Park Baseball, the baseball management simulation game for PC, Mac and Linux
Monday, May 4th, 2015 - OOTP Baseball 15.6 Build 34